 Dungeon Crawl Stone Soup version 0.23.2-1-ga50397a (webtiles) character file.

Game seed: 3723902221131451294

672 Mrkaede the Covered (level 7, 0/44 HPs)
             Began as a Gargoyle Fighter on Apr 25, 2019.
             Killed from afar by Ijyb (8 damage)
             ... with a wand of acid (7)
             ... on level 4 of the Dungeon.
             The game lasted 00:07:02 (3818 turns).

Mrkaede the Covered (Gargoyle Fighter)              Turns: 3818, Time: 00:07:02

Health: 0/44       AC: 12    Str: 21    XL:     7   Next: 59%
Magic:  7/7        EV:  8    Int:  9    God:
Gold:   209        SH:  9    Dex:  9    Spells: 6/6 levels left

rFire    . . .     SeeInvis .   w - +1 mace of Keutache {chaos, MR+} (curse)
rCold    . . .     Gourm    .   c - +0 shield
rNeg     + . .     Faith    .   b - +0 scale mail
rPois    ∞         Spirit   .   (no helmet)
rElec    +         Reflect  .   (no cloak)
rCorr    .         Harm     .   (no gloves)
MR       +....                  (no boots)
Stlth    ..........             (no amulet)
HPRegen  0.14/turn              (no ring)
MPRegen  0.10/turn              (no ring)

@: no status effects
A: negative energy resistance 1, electricity resistance, unbreathing,
petrification resistance, rot immunity, AC +4
a: no special abilities


You were on level 4 of the Dungeon.
You were not hungry.

You visited 1 branch of the dungeon, and saw 4 of its levels.

You collected 209 gold pieces.

Inventory:

Hand Weapons
 a - a +0 flail
 u - a +0 mace
 v - a +4 mace of holy wrath
 w - the cursed +1 mace of Keutache (weapon) {chaos, MR+}
   (You found it on level 4 of the Dungeon)

   Each time it hits an enemy it has a different, random effect.
   It affects your resistance to hostile enchantments.
   It has a curse placed upon it.
Armour
 b - a +0 scale mail (worn)
 c - a +0 shield (worn)
Jewellery
 g - an uncursed ring of protection from magic {unknown}
 j - an uncursed ring of fire {unknown}
 k - an uncursed ring of resist corrosion {unknown}
Scrolls
 h - a scroll of teleportation
 i - 2 scrolls of identify {unknown}
 p - a scroll of magic mapping {unknown}
 t - a scroll of random uselessness {unknown}
Potions
 d - a potion of mutation {unknown}
 e - a potion of cancellation {unknown}
 m - a potion of invisibility {unknown}
 n - a potion of degeneration {unknown}
 o - a potion of brilliance {unknown}
Comestibles
 f - 5 rations


   Skills:
 * Level 5.0 Fighting
 * Level 4.1 Maces & Flails
 + Level 2.0 Throwing
 * Level 5.2 Armour
 + Level 1.7 Dodging
 * Level 5.0 Shields


You had 6 spell levels left.
You didn't know any spells.
Your spell library was empty.

Dungeon Overview and Level Annotations

Branches:
Dungeon (4/15)
 Temple: D:4-7

Altars:
Okawaru

Annotations:
D:4 Ijyb


Innate Abilities, Weirdness & Mutations

You are resistant to torment.
Your stone body is resilient. (AC +4)
You are immune to poison.
You resist negative energy. (rN+)
You are resistant to electric shocks. (rElec)
You can survive without breathing.
You are immune to petrification.
You are immune to rotting.


Message History

Ijyb the Twisted Goblin comes into view.
She is wielding a +2 dagger of electrocution and carrying a wand of acid (9).
Ijyb shouts!
Found 8 gold pieces.
Ijyb is nearby!
Ijyb zaps a wand.
The bolt of acid hits you!!
You are splashed with acid!!
* * * LOW HITPOINT WARNING * * *
You are too injured to fight recklessly!
You are too injured to fight recklessly!
You are too injured to fight recklessly!
You are too injured to fight recklessly!
You are too injured to fight recklessly!
You are too injured to fight recklessly!
You are too injured to fight recklessly!
You are too injured to fight recklessly!
You are too injured to fight recklessly!
You feel much better.
Ijyb zaps a wand.
The bolt of acid hits you.
You are splashed with acid!
* * * LOW HITPOINT WARNING * * *
Ijyb zaps a wand.
The bolt of acid hits you!
You die...

....................#
....................##
.....................####
.........................
......##.................
....###..................
#.........###............
##......### ##.....$.....
#....## #..@........
##...# #........... ....#
#........... ....#
#........$.. ....#
#......g.... ....#
#..##........ ##..# #..
#........ ##..## ##.#
##....... .....## #..#
#......


You could see Ijyb.

Vanquished Creatures
  Eustachio (D:3)
  An ogre (D:4)
  The ghost of Aske the Cutter, an amateur GrGl (D:3)
  A bullfrog (D:3)
  A scorpion (D:2)
  A howler monkey (D:2)
  A jelly (D:4)
  An orc wizard (D:4)
  Terence (D:2)
  3 adders
  3 worms
  15 orcs
  6 giant cockroaches
  7 goblins
  5 hobgoblins
  2 jackals (D:2)
  6 kobolds
  A quokka (D:2)
  2 ball pythons
  3 bats
  6 frilled lizards
  6 rats
74 creatures vanquished.

Vanquished Creatures (others)
  An orc wizard (D:3)
1 creature vanquished.

Grand Total: 75 creatures vanquished

Notes
Turn   | Place    | Note
-------+----------+-------------------------------------------
     0 | D:1      | Mrkaede the Gargoyle Fighter began the quest for the Orb.
     0 | D:1      | Reached XP level 1. HP: 14/14 MP: 1/1
   239 | D:1      | Reached XP level 2. HP: 19/19 MP: 2/2
   998 | D:2      | Reached XP level 3. HP: 14/23 MP: 3/3
  1025 | D:2      | Reached XP level 4. HP: 16/29 MP: 4/4
  1277 | D:2      | Reached skill level 1 in Throwing
  1277 | D:2      | Reached XP level 5. HP: 27/33 MP: 5/5
  1461 | D:2      | Noticed Terence
  1473 | D:2      | Killed Terence
  1751 | D:3      | Found an iron altar of Okawaru.
  1877 | D:3      | Reached skill level 1 in Dodging
  1925 | D:3      | Found a runed translucent door.
  1931 | D:3      | Noticed Aske's ghost (amateur GrGl)
  1940 | D:3      | Reached XP level 6. HP: 32/38 MP: 6/6
  1963 | D:3      | Killed Aske's ghost
  2446 | D:4      | Noticed Eustachio
  2762 | D:3      | Killed Eustachio
  2762 | D:3      | Reached skill level 5 in Armour
  2762 | D:3      | Reached XP level 7. HP: 14/44 MP: 7/7
  3455 | D:4      | Got a faintly glowing mace
  3463 | D:4      | Identified the cursed +1 mace of Keutache {chaos, MR+} (You
                  | found it on level 4 of the Dungeon)
  3551 | D:4      | Reached skill level 5 in Fighting
  3551 | D:4      | Reached skill level 5 in Shields
  3814 | D:4      | Noticed Ijyb
  3818 | D:4      | Killed from afar by Ijyb

Skill      XL: |  1  2  3  4  5  6  7 |
---------------+----------------------+-----
Fighting       | 4 5 |  5.0
Throwing       | 1 2 |  2.0
Armour         | 4 5 |  5.2
Shields        | 4 5 |  5.0
Maces & Flails | 3 4 |  4.1
Dodging        | 1 |  1.7

Action                   |  1- 3 |  4- 6 |  7- 9 || total
-------------------------+-------+-------+-------++-------
Melee: Flail             |   114 |   271 |    64 ||   449
       Unarmed           |       |     8 |       ||     8
       Mace              |       |       |    15 ||    15
  Use: Potion            |       |     4 |     2 ||     6
       Scroll            |       |       |     4 ||     4
  Eat: Chunk             |     1 |     5 |     3 ||     9
       Ration            |       |       |     1 ||     1
Armor: Scale mail        |    77 |   167 |    47 ||   291
       Skin              |       |    70 |       ||    70
Dodge: Dodged            |    45 |   118 |    38 ||   201
Block: Shield            |    51 |   185 |    44 ||   280
